 Dungeon Crawl Stone Soup version 0.18-a0-1797-gc18daef (webtiles) character file.

331 wvc the Ducker (level 6, -11/48 HPs)
             Began as a Human Monk on Apr 22, 2016.
             Mangled by an ogre
             ... wielding a +0 giant spiked club
              (24 damage)
             ... on level 4 of the Dungeon.
             The game lasted 00:06:39 (3463 turns).

wvc the Ducker (Human Monk)                         Turns: 3463, Time: 00:06:39

Health: -11/48     AC: 12    Str: 11    XL:     6   Next: 82%
Magic:  6/6        EV: 14    Int: 10    God:
Gold:   87         SH:  0    Dex: 18    Spells: 1 memorised, 4 levels left

rFire  . . .     SeeInvis +     e - +0 quarterstaff
rCold  . . .     Gourm    .     s - +0 ring mail
rNeg   . . .     Faith    .     (shield currently unavailable)
rPois  .         Spirit   .     h - +2 hat
rElec  .         Dismiss  .     (no cloak)
rCorr  .         Reflect  .     g - +1 pair of gloves
SustAt .         Harm     .     j - +2 pair of boots {run}
MR     .....                    (no amulet)
Stlth  +++.......               w - ring of stealth
                                k - ring of see invisible

@: quick, not resistant to hostile enchantments, fairly stealthy
A: no striking features
a: no special abilities


You were on level 4 of the Dungeon.
You were not hungry.

You visited 1 branch of the dungeon, and saw 4 of its levels.

You collected 129 gold pieces.
You spent 42 gold pieces at shops.

Inventory:

Hand Weapons
 e - a +0 quarterstaff (weapon)
 t - a -3 blowgun
Missiles
 q - 5 javelins (quivered)
 u - 2 poisoned needles
Armour
 g - a +1 pair of gloves (worn)
 h - a +2 hat (worn)
 j - a +2 pair of boots of running (worn)
 s - a +0 ring mail (worn)
Jewellery
 k - a ring of see invisible (left hand)
 w - a ring of stealth (right hand)
Scrolls
 d - 2 scrolls of remove curse
 f - a scroll of teleportation
Potions
 a - a potion of brilliance
 c - 5 potions of curing
 i - a potion of heal wounds
 l - 2 potions of agility
 o - a potion of might {unknown}
 p - a potion of magic {unknown}
 r - a potion of ambrosia
Comestibles
 b - 2 bread rations


   Skills:
 - Level 4.2 Fighting
 + Level 1.2 Staves
 - Level 1.8 Armour
 - Level 5.8 Dodging
 - Level 2.0 Stealth
 - Level 4.0 Unarmed Combat


You had 4 spell levels left.
You knew the following spells:

 Your Spells              Type           Power        Failure   Level  Hunger
a - Apportation           Tloc           #.........   85%         1    ##.....


Dungeon Overview and Level Annotations

Branches:
Dungeon (4/15)
 Temple: D:4-7

Altars:
Fedhas
Makhleb
Qazlal
Xom
The Shining One

Shops:
D:4 *


Message History

Press: ? - help, Shift-Dir - straight line, f - ogre
Aim: an ogre, wielding a giant spiked club (severely wounded)
You throw a javelin. The javelin hits the ogre.
The ogre is severely wounded.
The ogre barely misses you.
Throwing (i - inventory):
q - 7 javelins (quivered)
Press: ? - help, Shift-Dir - straight line, f/p - ogre
Aim: an ogre, wielding a giant spiked club (severely wounded)
You throw a javelin. The javelin hits the ogre.
The ogre is severely wounded.
Throwing (i - inventory):
q - 6 javelins (quivered)
Press: ? - help, Shift-Dir - straight line, f/p - ogre
Aim: an ogre, wielding a giant spiked club (severely wounded)
You throw a javelin. The javelin barely misses the ogre.
The ogre hits you but does no damage.
You hit the ogre.
The ogre is severely wounded.
The ogre hits you with a giant spiked club!!
Ouch! That really hurt!
You die...

#.# #.#.##.#.#.#
... .......#.#.#
#.. #.#.#..#...# ##
#.#.#..#.∩.######
#.#.#..#........#
###.#.#..#.#.####.#
.###...#....#.#.#
#.#
........##..#.#.#
#.#
....(....(O@....#
#.#
.......%###.#.###
#.# ........# #...#
#.# .......(#
##..#### #.#
........# #.>...#
#.# ........#
#####.# #.#
+######## #.# #.#
#.# #.#
##############.#
#.#


You could see an ogre.

Vanquished Creatures
  A howler monkey (D:4)
  2 orc wizards
  A worker ant (D:3)
  A hound skeleton (D:4)
  Robin (D:2)
  2 gnolls (D:1)
  6 adders
  An ooze (D:4)
  2 worms (D:2)
  2 dart slugs
  4 giant geckos
  9 orcs
  6 bats
  A giant cockroach (D:2)
  14 goblins
  5 hobgoblins
  13 kobolds
  2 quokkas
  2 ball pythons (D:2)
  7 giant newts
  12 rats
94 creatures vanquished.

Notes
Turn   | Place    | Note
--------------------------------------------------------------
     0 | D:1      | wvc the Human Monk began the quest for the Orb.
     0 | D:1      | Reached XP level 1. HP: 18/18 MP: 1/1
    77 | D:1      | Reached XP level 2. HP: 23/24 MP: 2/2
   227 | D:1      | Reached XP level 3. HP: 20/29 MP: 3/3
   407 | D:1      | Identified a +2 pair of boots of running (You found it on level 1 of the Dungeon)
   436 | D:1      | Reached skill level 4 in Dodging
   814 | D:2      | Found a stormy altar of Qazlal.
   814 | D:2      | Found a glowing golden altar of the Shining One.
   818 | D:2      | Found a blossoming altar of Fedhas.
   841 | D:2      | Reached XP level 4. HP: 33/35 MP: 4/4
   861 | D:2      | Noticed Robin
   913 | D:2      | Killed Robin
  1176 | D:2      | Found a burning altar of Makhleb.
  1177 | D:2      | Found a shimmering altar of Xom.
  1261 | D:2      | Reached XP level 5. HP: 27/42 MP: 5/5
  1558 | D:2      | Reached skill level 5 in Dodging
  2311 | D:3      | Learned a level 1 spell: Apportation
  2572 | D:3      | Reached XP level 6. HP: 46/48 MP: 6/6
  2705 | D:3      | Reached skill level 1 in Armour
  3210 | D:4      | Found Hacsymerch's General Store.
  3218 | D:4      | Bought a potion of curing for 42 gold pieces
  3415 | D:4      | Reached skill level 1 in Staves
  3445 | D:4      | Noticed an ogre
  3463 | D:4      | Mangled by an ogre

Vault maps used:
D:1:      saegor_arrival_simple_c
D:2:      gammafunk_temple_overflow_statue, gammafunk_temple_overflow_forgotten,
          uniq_robin
D:3:      first_bread
D:4:      serial_shops, nicolae_shop_stone

Skill      XL: |  1  2  3  4  5  6 |
---------------+-------------------+-----
Dodging        | 4 5 |  5.8
Fighting       | 4 |  4.2
Armour         | 1 |  1.8
Staves         | 1 |  1.2
Stealth        | |  2.0
Unarmed Combat | |  4.0

Action                   |  1- 3 |  4- 6 || total
-------------------------+-------+-------++-------
Melee: Unarmed           |    92 |   349 ||   441
       Punch             |     3 |     5 ||     8
       Quarterstaff      |       |    26 ||    26
 Fire: Blowgun           |       |     2 ||     2
Throw: Javelin           |       |     5 ||     5
  Use: Scroll            |       |    10 ||    10
 Stab: Sleeping          |     3 |    11 ||    14
       Distracted        |       |     1 ||     1
  Eat: Chunk             |       |     7 ||     7
       Bread ration      |       |     1 ||     1
Armor: Robe              |    21 |    24 ||    45
       Ring mail         |       |    83 ||    83
Dodge: Dodged            |    82 |   240 ||   322
